AoeStats
← bene

Nomad

509933782Analyzed
4v4 RM · 2d ago on Sep 28, 2026· 50m 44s· 8 players
Game mode
Random Map
Map size
231×231
Population
200
Speed
Normal
Resources
Standard
Victory
Conquest
Starting age
Dark Age
Ending age
Imperial Age
RankedLock teamsTeams togetherTeam positionsShared explorationLock speedFull tech treeHidden civsTurbo modeCheats
Victory
Defeat
🇩🇪 Malay · Germany
1378
+12
🇨🇭 Celts · Switzerland
1370
+12
🇩🇪 Varangians · Germany
1310
+14
🇩🇪 Italians · Germany
1288
+15
🇫🇮 Koreans · Finland
1336
-15
🇧🇷 Wei · Brazil
1276
-13
🇮🇱 Mapuche · Israel
1257
-13
🇸🇪 Vietnamese · Sweden
1232
-12
Mike
4:44 Loom
15:06 Feudal Age
19:20 Castle Age
kim.henrik.himanen69
5:41 Loom
15:10 Feudal Age
18:53 Castle Age
16:59 Double-Bit Axe
18:18 Fishing Lines
19:44 Bow Saw
22:06 Wheelbarrow
21:17 Town Watch
21:40 Gillnets
22:39 Fletching
28:04 Bodkin Arrow
30:32 Ballistics
34:38 Imperial Age
35:09 Eupseong
39:09 Imperial Age
38:26 Masonry
39:22 Gold Mining
39:34 Stone Mining
40:23 Bracer
41:48 Heavy Rocket Cart
42:48 Siege Engineers
Zâbina
4:41 Loom
16:32 Feudal Age
17:10 Fishing Lines
17:38 Double-Bit Axe
19:28 Wheelbarrow
22:19 Castle Age
20:47 Stone Mining
23:51 Bow Saw
25:56 Hand Cart
25:59 Fletching
26:02 Town Watch
32:18 Horse Collar
41:55 Town Patrol
44:15 Guard Tower
Revontheus
3:43 Loom
14:15 Feudal Age
17:40 Fishing Lines
20:04 Castle Age
19:06 Double-Bit Axe
21:15 Bow Saw
20:58 Stone Mining
22:00 Scale Barding Armor
22:52 Gillnets
23:43 Bloodlines
24:38 Horse Collar
26:01 Wheelbarrow
26:56 Heavy Plow
27:43 Forging
30:34 Husbandry
30:58 Chain Barding Armor
33:15 Gold Mining
39:18 Imperial Age
36:36 Town Watch
37:40 Iron Casting
40:56 Gold Shaft Mining
41:05 Conscription
41:47 Blast Furnace
42:28 Hand Cart
42:13 Town Patrol
43:38 Ming Guang Armor
Fabulous_Fabian
5:22 Loom
5:40 Loom
13:55 Feudal Age
14:28 Double-Bit Axe
15:20 Fishing Lines
22:18 Castle Age
20:22 Gold Mining
21:11 Scale Barding Armor
22:14 Medium Warships
22:31 Bow Saw
23:00 Gold Shaft Mining
23:06 Husbandry
23:31 Gillnets
24:34 Forging
26:40 Wheelbarrow
28:32 Iron Casting
34:36 Horse Collar
39:10 Imperial Age
37:15 Heavy Plow
38:08 Capped Ram
39:53 Blast Furnace
40:36 Hand Cart
40:10 Elite Battle Elephant
42:03 Conscription
42:56 Town Watch
43:43 Town Patrol
bene
7:07 Loom
12:52 Feudal Age
15:12 Bloodlines
15:28 Double-Bit Axe
17:45 Fishing Lines
18:41 Forging
21:35 Wheelbarrow
21:18 Horse Collar
25:01 Castle Age
24:26 Gold Mining
24:53 Scale Barding Armor
25:52 Bow Saw
26:08 Husbandry
26:56 Iron Casting
26:57 Gillnets
28:23 Chain Barding Armor
29:50 Vendel Legacy
31:32 Hand Cart
38:23 Imperial Age
39:12 Coinage
38:43 Cavalier
39:14 Fletching
39:27 Capped Ram
41:43 Heavy Plow
42:04 Siege Ram
45:20 Two-Man Saw
46:24 Conscription
48:00 Stone Mining
48:54 Elite Jarl
rhino
3:17 Loom
15:27 Feudal Age
16:13 Double-Bit Axe
17:25 Gold Mining
17:32 Fletching
21:58 Castle Age
20:46 Wheelbarrow
20:29 Stone Mining
23:14 Bow Saw
23:33 Medium Warships
26:49 Bodkin Arrow
33:00 Fishing Lines
36:47 Imperial Age
35:24 Gillnets
36:28 Hand Cart
37:58 Conscription
39:04 Town Watch
39:31 Scale Mail Armor
39:42 Forging
40:16 Furor Celtica
41:08 Chain Mail Armor
42:01 Iron Casting
44:20 Hoardings
44:48 Plate Mail Armor
45:19 Gold Shaft Mining
46:08 Blast Furnace
45:49 Elite Woad Raider
50:15 Chemistry
49:21 Siege Engineers
49:39 Ballistics
Birkules
4:02 Loom
13:13 Feudal Age
18:12 Fishing Lines
22:45 Castle Age
23:52 Double-Bit Axe
24:50 Horse Collar
25:36 Gillnets
26:27 Fletching
26:39 Padded Archer Armor
38:19 Gold Mining
39:11 Bodkin Arrow
42:55 Imperial Age
41:02 Wheelbarrow
41:39 Leather Archer Armor
42:21 Bloodlines
42:12 Husbandry
43:26 Onager
45:27 Heavy Plow
44:56 Cavalier
46:43 Forging
46:39 Scale Barding Armor
47:04 Ring Archer Armor
47:15 Bracer
47:30 Bow Saw
48:27 Iron Casting
48:27 Stone Mining
49:44 Hoardings
49:36 Conscription
52:07 Blast Furnace
51:28 Chain Barding Armor
51:36 Hand Cart
Connection lost

Rejoining the realm…

Still unreachable

The connection could not be restored.

Session expired

The server has moved on; the page needs a fresh start.